 Dungeon Crawl Stone Soup version 0.24.1-11-gbbbb2193e6 (webtiles) character file.

Game seed: 3285060422140662688, levelgen mode: deterministic

2142 Peloso the Shield-Bearer (level 9, 0/74 HPs)
             Began as a Gnoll Fighter on May 15, 2020.
             Was an Initiate of Okawaru.
             Slain by Grinder (6 damage)
             ... on level 6 of the Dungeon.
             The game lasted 00:14:10 (5474 turns).

Peloso the Shield-Bearer (Gnoll Fighter)            Turns: 5474, Time: 00:14:11

Health: 0/74       AC: 16    Str: 21    XL:     9   Next: 30%
Magic:  15/15      EV:  7    Int: 11    God:    Okawaru [......]
Gold:   280        SH: 11    Dex: 17    Spells: 16/16 levels left

rFire    . . .     SeeInvis .   a - +0 long sword
rCold    . . .     Gourm    .   c - +0 shield
rNeg     . . .     Faith    .   e - +0 plate armour
rPois    .         Spirit   .   (no helmet)
rElec    .         Reflect  .   (no cloak)
rCorr    +         Harm     .   (no gloves)
MR       .....                  r - +2 pair of boots
Stlth    ..........             (no amulet)
HPRegen  0.22/turn              x - ring of resist corrosion
MPRegen  0.14/turn              (no ring)

@: no status effects
A: distributed training, fangs 1, agile 1, mutation resistance 1, strong nose
a: Renounce Religion


You were on level 6 of the Dungeon.
You worshipped Okawaru.
Okawaru was noncommittal.
You were near starving.

You visited 2 branches of the dungeon, and saw 7 of its levels.

You collected 280 gold pieces.

Inventory:

Hand Weapons
 a - a +0 long sword (weapon)
 b - a +1 spear of venom
Armour
 c - a +0 shield (worn)
 e - a +0 plate armour (worn)
 r - a +2 pair of boots (worn)
 w - a +0 pair of boots
Jewellery
 x - a ring of resist corrosion (left hand)
Wands
 j - a wand of paralysis (9)
 p - a wand of acid (7)
Scrolls
 d - 2 scrolls of remove curse
 g - 2 scrolls of fear
 h - 10 scrolls of identify
 i - a scroll of amnesia
 l - a scroll of fog
 n - 8 scrolls of teleportation {unknown}
 s - 2 scrolls of enchant armour {unknown}
 t - a scroll of random uselessness {unknown}
 y - a scroll of vulnerability {unknown}
Potions
 k - a potion of brilliance
 q - a potion of magic
 u - a potion of mutation
Comestibles
 f - 8 rations


   Skills:
 + Level 7.8 Fighting
 + Level 4.0 Short Blades
 + Level 6.2 Long Blades
 + Level 4.0 Axes
 + Level 4.0 Maces & Flails
 + Level 4.0 Polearms
 + Level 4.0 Staves
 + Level 4.0 Slings
 + Level 4.0 Bows
 + Level 4.0 Crossbows
 + Level 4.0 Throwing
 + Level 7.8 Armour
 + Level 4.0 Dodging
 + Level 4.0 Stealth
 + Level 7.8 Shields
 + Level 4.0 Unarmed Combat
 + Level 4.0 Spellcasting
 + Level 3.3 Conjurations
 + Level 3.3 Hexes
 + Level 3.3 Charms
 + Level 3.3 Summonings
 + Level 3.3 Necromancy
 + Level 3.3 Translocations
 + Level 3.3 Transmutations
 + Level 3.3 Fire Magic
 + Level 3.3 Ice Magic
 + Level 3.3 Air Magic
 + Level 3.3 Earth Magic
 + Level 3.3 Poison Magic
 + Level 4.4 Invocations
 + Level 4.0 Evocations


You had 16 spell levels left.
You didn't know any spells.
Your spell library contained the following spells:

 Spells                   Type           Power        Failure   Level  Hunger
 Animate Skeleton         Necr           N/A          95%         1    #......
 Apportation              Tloc           #.....       95%         1    #......
 Confusing Touch          Hex            #.....       95%         1    #......
 Magic Dart               Conj           #...         95%         1    #......
 Summon Small Mammal      Summ           #...         95%         1    #......
 Blink                    Tloc           N/A          99%         2    ##.....
 Call Imp                 Summ           #.......     99%         2    ##.....
 Slow                     Hex            #.......     99%         2    ##.....
 Conjure Flame            Conj/Fire      #.......     100%        3    ###....
 Mephitic Cloud           Conj/Pois/Air  #.......     100%        3    ###....


Dungeon Overview and Level Annotations

Branches:
Dungeon (6/15)             Temple (1/1) D:5

Altars:
Ashenzari
Cheibriados
Dithmenos
Elyvilon
Fedhas
Gozag
Hepliaklqana
Kikubaaqudgha
Makhleb
Nemelex Xobeh
Okawaru
Qazlal
Ru
Trog
Uskayaw
Vehumet
Wu Jian
Xom
Yredelemnul
Zin
The Shining One

Shops:
D:5 %

Annotations:
D:6 Grinder


Innate Abilities, Weirdness & Mutations

Your experience applies equally to all skills.
You have very sharp teeth.
Your uncanny sense of smell can sniff out nearby items.
You are agile. (Dex +2)
You are somewhat resistant to further mutation.


Message History

* * * LOW HITPOINT WARNING * * *
You can move again.
You slash Grinder!
Grinder is almost dead.
You block Grinder's attack.
Unknown command.
You hit Grinder. You bite Grinder.
Grinder is almost dead.
Grinder barely misses you.
Unknown command.
You barely miss Grinder. You bite Grinder.
Grinder is almost dead.
You block Grinder's attack.
Unknown command.
You closely miss Grinder. Your bite misses Grinder.
Grinder is almost dead.
Grinder hits you!
* * * LOW HITPOINT WARNING * * *
You writhe in agony.
You die...

... # #.. ### .. .. ##..
...##..∆ #####... ...#.#
######.....#. . ...#
#>.....####..
#...##.######.###### ##..
#.....@5..#.## #...
####...##....#######.#.
##.#...............#.
#####..[....##.........#.
#####........#...#########.#.
.......#.#######.#########...
.......#.# #.........###. #
#....# #......>..# #. ##...#
#.........# #.


You could see Grinder.

Vanquished Creatures
  Sigmund (D:2)
  3 ogres
  An orc warrior (D:5)
  3 phantoms
  A centaur (D:6)
  2 bullfrogs
  6 killer bees (D:6)
  4 crimson imps
  2 jellies
  An orc priest (D:4)
  An orc wizard (D:5)
  A bullfrog skeleton (D:5)
  2 centaur skeletons (D:4)
  3 hounds
  Jessica (D:2)
  Natasha (thrice) (D:2)
  Ijyb (D:5)
  Terence (D:2)
  An iguana (D:4)
  3 worker ants
  A hound zombie (D:6)
  3 gnolls (D:6)
  8 adders
  A shadow imp (D:6)
  An ooze (D:1)
  An adder skeleton (D:5)
  5 leopard geckos
  6 orcs
  3 ball pythons
  3 giant cockroaches
  4 goblins
  7 hobgoblins
  14 jackals
  8 kobolds
  4 quokkas
  13 bats
  7 frilled lizards
  13 rats
143 creatures vanquished.

Notes
Turn   | Place    | Note
-------+----------+-------------------------------------------
     0 | D:1      | Peloso the Gnoll Fighter began the quest for the Orb.
     0 | D:1      | Reached XP level 1. HP: 23/23 MP: 1/1
   165 | D:1      | Reached XP level 2. HP: 25/29 MP: 2/2
   299 | D:1      | Reached XP level 3. HP: 35/35 MP: 3/3
   632 | D:2      | Found a stormy altar of Qazlal.
   632 | D:2      | Noticed Natasha
   655 | D:2      | Killed Natasha
   655 | D:2      | Reached skill level 1 in Short Blades
   655 | D:2      | Reached skill level 1 in Axes
   655 | D:2      | Reached skill level 1 in Maces & Flails
   655 | D:2      | Reached skill level 1 in Polearms
   655 | D:2      | Reached skill level 1 in Staves
   655 | D:2      | Reached skill level 1 in Slings
   655 | D:2      | Reached skill level 1 in Bows
   655 | D:2      | Reached skill level 1 in Crossbows
   655 | D:2      | Reached skill level 1 in Throwing
   655 | D:2      | Reached skill level 1 in Dodging
   655 | D:2      | Reached skill level 1 in Stealth
   655 | D:2      | Reached skill level 1 in Unarmed Combat
   655 | D:2      | Reached skill level 1 in Spellcasting
   655 | D:2      | Reached skill level 1 in Invocations
   655 | D:2      | Reached skill level 1 in Evocations
   655 | D:2      | Reached XP level 4. HP: 27/41 MP: 5/5
   716 | D:2      | Noticed Natasha
   725 | D:2      | Killed Natasha
   725 | D:2      | Reached skill level 1 in Conjurations
   725 | D:2      | Reached skill level 1 in Hexes
   725 | D:2      | Reached skill level 1 in Charms
   725 | D:2      | Reached skill level 1 in Summonings
   725 | D:2      | Reached skill level 1 in Necromancy
   725 | D:2      | Reached skill level 1 in Translocations
   725 | D:2      | Reached skill level 1 in Transmutations
   725 | D:2      | Reached skill level 1 in Fire Magic
   725 | D:2      | Reached skill level 1 in Ice Magic
   725 | D:2      | Reached skill level 1 in Air Magic
   725 | D:2      | Reached skill level 1 in Earth Magic
   725 | D:2      | Reached skill level 1 in Poison Magic
   746 | D:2      | Noticed Jessica
   753 | D:2      | Killed Jessica
   753 | D:2      | Reached XP level 5. HP: 43/47 MP: 6/6
   783 | D:2      | Noticed Sigmund
   803 | D:2      | Killed Sigmund
   803 | D:2      | Reached XP level 6. HP: 35/53 MP: 6/8
   833 | D:2      | Noticed Natasha
   844 | D:2      | Killed Natasha
   844 | D:2      | Reached skill level 5 in Long Blades
   856 | D:2      | Noticed Terence
   871 | D:2      | Killed Terence
  1841 | D:4      | Got a bloodstained short sword
  1842 | D:4      | Identified the +5 short sword "Pendulum" {pierce, Fragile
                  | rElec Str-4 Int+8} (You found it on level 4 of the Dungeon)
  1869 | D:4      | Found a burning altar of Makhleb.
  1907 | D:4      | Reached XP level 7. HP: 39/59 MP: 10/10
  2762 | D:5      | Entered Level 5 of the Dungeon
  2880 | D:5      | Reached XP level 8. HP: 58/67 MP: 12/12
  3103 | D:5      | Found a stormy altar of Qazlal.
  3210 | D:5      | Noticed Ijyb
  3219 | D:5      | Killed Ijyb
  3243 | D:5      | Found a staircase to the Ecumenical Temple.
  3271 | Temple   | Entered the Ecumenical Temple
  3765 | D:5      | Found Heusuigh's Food Shoppe.
  4324 | D:6      | Found an iron altar of Okawaru.
  4326 | D:6      | Found a snail-covered altar of Cheibriados.
  4330 | D:6      | Found a hide-covered altar of Uskayaw.
  4330 | D:6      | Found a burning altar of Makhleb.
  4336 | D:6      | Found a bloodstained altar of Trog.
  4336 | D:6      | Found an ornate altar of the Wu Jian Council.
  4337 | D:6      | Found a white marble altar of Elyvilon.
  4337 | D:6      | Found a sacrificial altar of Ru.
  4345 | D:6      | Became a worshipper of Warmaster Okawaru
  4434 | D:6      | Found an iron altar of Okawaru.
  4518 | D:6      | Gained mutation: You are somewhat resistant to further
                  | mutation. [potion of mutation]
  4518 | D:6      | Gained mutation: You are agile. (Dex +2) [potion of
                  | mutation]
  4520 | D:6      | Reached XP level 9. HP: 38/72 MP: 14/14
  4566 | D:6      | Reached * piety under Okawaru
  4913 | D:6      | Noticed Grinder
  4920 | D:6      | Paralysed by Grinder for 6 turns
  4939 | D:6      | Paralysed by Grinder for 5 turns
  5447 | D:6      | Paralysed by Grinder for 6 turns
  5456 | D:6      | Paralysed by Grinder for 6 turns
  5465 | D:6      | Paralysed by Grinder for 6 turns
  5474 | D:6      | Slain by Grinder

Levels and vault maps discovered:
D:1:      sevenhm_arrival_forest_fort_small_4, layout_basic
D:2:      layout_basic, old_standard_altar, uniq_terence, uniq_sigmund,
          uniq_jessica, uniq_natasha
D:3:      layout_loops_cross
D:4:      layout_loops_ring, first_ration, bloody_makhleb
D:5:      layout_basic, minmay_temple_entry_wispy, serial_shops,
          kennysheep_little_box, grunt_qazlal_clouds, uniq_ijyb
D:6:      lemuel_insect_pit, layout_rooms, lemuel_blue_sif_altar,
          grunt_temple_overflow_open, lemuel_altar_in_water, uniq_grinder
Temple:   minmay_temple_bridge_abc

Skill      XL: |  1  2  3  4  5  6  7  8  9 |
---------------+----------------------------+-----
Short Blades   | 1 2 3 4 |  4.0
Axes           | 1 2 3 4 |  4.0
Maces & Flails | 1 2 3 4 |  4.0
Polearms       | 1 2 3 4 |  4.0
Staves         | 1 2 3 4 |  4.0
Slings         | 1 2 3 4 |  4.0
Bows           | 1 2 3 4 |  4.0
Crossbows      | 1 2 3 4 |  4.0
Throwing       | 1 2 3 4 |  4.0
Dodging        | 1 2 3 4 |  4.0
Stealth        | 1 2 3 4 |  4.0
Unarmed Combat | 1 2 3 4 |  4.0
Spellcasting   | 1 2 3 4 |  4.0
Invocations    | 1 2 3 4 |  4.4
Evocations     | 1 2 3 4 |  4.0
Conjurations   | 1 2 3 |  3.3
Hexes          | 1 2 3 |  3.3
Charms         | 1 2 3 |  3.3
Summonings     | 1 2 3 |  3.3
Necromancy     | 1 2 3 |  3.3
Translocations | 1 2 3 |  3.3
Transmutations | 1 2 3 |  3.3
Fire Magic     | 1 2 3 |  3.3
Ice Magic      | 1 2 3 |  3.3
Air Magic      | 1 2 3 |  3.3
Earth Magic    | 1 2 3 |  3.3
Poison Magic   | 1 2 3 |  3.3
Long Blades    | 5 6 |  6.2
Fighting       | 7 |  7.8
Armour         | 7 |  7.8
Shields        | 7 |  7.8

Action                   |  1- 3 |  4- 6 |  7- 9 || total
-------------------------+-------+-------+-------++-------
Melee: Long sword        |    73 |   169 |   410 ||   652
       Bite              |    12 |    18 |    61 ||    91
Invok: Heroism           |       |       |     1 ||     1
  Use: Potion            |     2 |     2 |     6 ||    10
       Scroll            |       |     3 |     1 ||     4
  Eat: Chunk             |       |     3 |    11 ||    14
Armor: Plate armour      |    46 |   107 |   198 ||   351
Dodge: Dodged            |     8 |    38 |    96 ||   142
Block: Shield            |    42 |   114 |   261 ||   417
       Rpst.: Long sword |     2 |    10 |    33 ||    45
